 Dungeon Crawl Stone Soup version 0.17-a0-1830-g81820eb (webtiles) character file.

134 wvc the Sneak (level 5, -5/26 HPs)
             Began as a Vine Stalker Assassin on Sept 13, 2015.
             Was a Follower of Cheibriados.
             Slain by an ogre
             ... wielding a +0 giant spiked club
              (17 damage)
             ... on level 4 of the Dungeon.
             The game lasted 00:06:48 (2256 turns).

wvc the Sneak (Vine Stalker Assassin)               Turns: 2256, Time: 00:06:48

Health: -5/26      AC:  3    Str: 16    XL:     5   Next: 17%
Magic:  0/7        EV: 11    Int: 15    God:    Cheibriados [*.....]
Gold:   138        SH:  5    Dex: 19    Spells: 2 memorised, 1 level left

rFire  + . .     SeeInvis .     a - +2 dagger
rCold  . . .     Clarity  .     c - +0 robe
rNeg   . . .     SustAt   .     j - +1 buckler
rPois  .         Gourm    .     (no helmet)
rElec  .         Spirit   +     d - +0 cloak
rCorr  .         Warding  .     (no gloves)
rMut   .         Stasis   .     (no boots)
MR     .....                    (no amulet)
Stlth  +++.......               (no ring)
                                n - ring of protection from fire

@: very slow, not resistant to hostile enchantments, fairly stealthy
A: fangs 2, regeneration 1, magic shield, antimagic bite, no device heal 3, rot
immunity
a: Bend Time, Renounce Religion


You were on level 4 of the Dungeon.
You worshipped Cheibriados.
Cheibriados was aware of your devotion.
You were not hungry.

You visited 1 branch of the dungeon, and saw 4 of its levels.

You collected 138 gold pieces.

Inventory:

Hand weapons
 a - a +2 dagger (weapon)
 b - a +1 blowgun
Missiles
 e - 17 poisoned needles
 f - 2 curare-tipped needles
Armour
 c - a +0 robe (worn)
 d - a +0 cloak (worn)
 j - a +1 buckler (worn)
Jewellery
 n - a ring of protection from fire (left hand)
Magical devices
 i - a wand of polymorph (15)
Scrolls
 h - a scroll of immolation
 k - 2 scrolls of identify
 o - a scroll of blinking
Potions
 l - a potion of cancellation
 r - 2 potions of curing
 v - a potion of agility
 w - a potion of lignification
 z - 2 potions of haste
Books
 s - a Young Poisoner's Handbook

   Spells                             Type                      Level
   a - Sting                          Conjuration/Poison           1
   b - Cure Poison                    Poison                       2
   c - Mephitic Cloud                 Conjuration/Poison/Air       3
   d - Olgreb's Toxic Radiance        Poison                       4
   e - Venom Bolt                     Conjuration/Poison           5
Comestibles
 g - 7 bread rations
 p - a chunk of flesh
 q - 3 meat rations


   Skills:
 - Level 1.7 Fighting
 * Level 3.7 Short Blades
 - Level 1.7 Throwing
 - Level 1.1 Dodging
 - Level 4.8 Stealth
 + Level 1.1 Shields
 + Level 1.0 Spellcasting
 + Level 0.2 Conjurations
 + Level 1.0 Poison Magic
 + Level 0.8 Invocations


You had one spell level left.
You knew the following spells:

 Your Spells              Type           Power        Failure   Level  Hunger
a - Cure Poison           Pois           #.........   38%         2    ###....
b - Mephitic Cloud        Conj/Pois/Air  #.......     86%         3    ####...


Dungeon Overview and Level Annotations

Branches:
Dungeon (4/15)
 Temple: D:4-7

Altars:
Cheibriados
Fedhas
Qazlal
Zin
The Shining One

Annotations:
D:4 exclusions: adder and ogre


Innate Abilities, Weirdness & Mutations

You have extremely sharp teeth.
Your natural rate of healing is unusually fast.
When hurt, damage is shared between your health and your magic reserves.
Your bite disrupts and absorbs the magic of your enemies.
Potions and wands cannot restore your health.
You are immune to rotting.


Message History

You shoot a poisoned needle. The poisoned needle hits the ogre!
The ogre is lightly wounded.
Firing (i - inventory. (,) - cycle):
e - 18 poisoned needles (quivered)
Press: ? - help, Shift-Dir - straight line, f/p - ogre
Aim: an ogre, wielding a giant spiked club (lightly wounded, poisoned)
You shoot a poisoned needle. The poisoned needle hits the ogre!
The ogre is lightly wounded.
Wield which item (- for none, * to show all)? (? for menu, Esc to quit)
a - a +2 dagger (weapon)
You barely miss the ogre.
The ogre is lightly wounded.
The ogre hits you with a giant spiked club!!
Ouch! That really hurt!
You hit the ogre. You bite the ogre, but do no damage.
The ogre is moderately wounded.
You hit the ogre. You bite the ogre. You drain its power.
You feel invigorated.
The ogre is heavily wounded.
The ogre hits you with a giant spiked club!!
Ouch! That really hurt!
You die...

#### ...
#######.##
#...##...###
#.#....#...#
#...##.@.#.#
##
#####.####O##
# .# ##...#.#
#.#
.#####.###..##
#(# .......#
#...# #(#
######.###..##
#$#
#######...###
#(# ....#
##### #(#
#####


You could see an ogre.

Vanquished Creatures
  A hound (D:4)
  6 adders
  An orc (D:3)
  4 giant cockroaches
  6 hobgoblins
  A quokka (D:3)
  7 bats
  6 giant newts
  10 goblins
  6 kobolds
  12 rats
60 creatures vanquished.

Notes
Turn   | Place    | Note
--------------------------------------------------------------
     0 | D:1      | wvc the Vine Stalker Assassin began the quest for the Orb.
     0 | D:1      | Reached XP level 1. HP: 11/11 MP: 2/2
   221 | D:1      | Reached skill level 1 in Dodging
   308 | D:1      | Found a glowing golden altar of the Shining One.
   377 | D:1      | Reached XP level 2. HP: 15/15 MP: 3/3
   684 | D:2      | Learned a level 1 spell: Sting
   800 | D:2      | Reached XP level 3. HP: 13/18 MP: 2/4
   898 | D:2      | Found a snail-covered altar of Cheibriados.
   898 | D:2      | Found a glowing silver altar of Zin.
   918 | D:2      | Became a worshipper of Cheibriados the Contemplative
  1515 | D:3      | Reached XP level 4. HP: 23/23 MP: 5/5
  1610 | D:3      | Acquired Cheibriados's first power
  1728 | D:3      | Learned a level 2 spell: Cure Poison
  1849 | D:3      | Found a blossoming altar of Fedhas.
  1849 | D:3      | Found a stormy altar of Qazlal.
  2038 | D:4      | Noticed an ogre
  2069 | D:4      | Reached skill level 1 in Spellcasting
  2069 | D:4      | Reached skill level 1 in Poison Magic
  2081 | D:4      | Reached skill level 1 in Shields
  2081 | D:4      | Reached XP level 5. HP: 20/26 MP: 7/7
  2091 | D:4      | Learned a level 3 spell: Mephitic Cloud
  2246 | D:4      | Noticed an ogre
  2256 | D:4      | Slain by an ogre

Vault maps used:
D:1:      dpeg_arrival_tiny_e, tso_altar
D:2:      gammafunk_temple_overflow_elements
D:3:      grunt_temple_overflow_forces_of_nature, first_bread
D:4:      gammafunk_temple_overflow_wave, tgw_trog, kennysheep_generic_room_6,
          uniq_blork_the_orc, uniq_sigmund, uniq_edmund

Action                   |  1- 3 |  4- 6 || total
-------------------------+-------+-------++-------
Melee: Dagger            |    80 |    70 ||   150
 Fire: Blowgun           |       |     5 ||     5
 Cast: Sting             |     2 |       ||     2
Invok: Bend Time         |     1 |       ||     1
  Use: Scroll            |    12 |     3 ||    15
       Potion            |     1 |       ||     1
 Stab: Sleeping          |     8 |    10 ||    18
       Invisible         |     1 |       ||     1
  Eat: Chunk             |     1 |     1 ||     2
       Royal jelly       |     1 |       ||     1
